Map: Ever Dream LE

Players

Uroba - Winner!

  • Race: Protoss Protoss
  • League: Master
  • Spawn Location: 1:00

Faith

  • Race: Terran Terran
  • League: Master
  • Spawn Location: 7:00

VOD

Have the link to the VOD?

Description

Time

  • Played on: Sept. 4, 2020, 6:06 p.m.
  • Length: 7:40
Show
View Real Time Build Order
Export as new Build Order

Uroba Protoss - Winner!

Build Orders: 1 Gate Expand, Dark Templar Rush 

Get SALT Encoding   

  12  0:00  Probe  
  13  0:12  Probe  
  14  0:17  Pylon  
  14  0:24  Probe (Chrono Boost)  
  16  0:37  Probe (Chrono Boost)  
  16  0:38  Gateway  
  16  0:42  Probe (Chrono Boost)  
  16  0:46  Assimilator  
  17  0:52  Probe  
  19  1:04  Probe  
  19  1:16  Probe  
  20  1:24  Nexus  
  20  1:31  Cybernetics Core  
  20  1:36  Probe  
  21  1:42  Pylon  
  21  1:48  Probe (Chrono Boost)  
  21  1:50  Assimilator  
  22  2:00  Probe (Chrono Boost)  
  23  2:04  Probe (Chrono Boost)  
  23  2:06  Adept (Chrono Boost)  
  24  2:10  Warp Gate (Chrono Boost)  
  24  2:14  Probe  
  26  2:24  Twilight Council  
  26  2:27  Probe  
  27  2:33  Stalker (Chrono Boost)  
  27  2:36  Probe  
  30  2:39  Probe  
  31  2:49  Probe  
  32  2:51  Probe  
  32  2:53  Robotics Facility  
  33  3:01  Probe  
  33  3:03  Probe  
  35  3:10  Gateway  
  33  3:13  Probe  
  33  3:15  Probe  
  33  3:19  Dark Shrine  
  35  3:24  Gateway  
  35  3:25  Probe  
  36  3:31  Pylon  
  36  3:34  Probe  
  37  3:42  Shield Battery  
  37  3:46  Warp Prism (Chrono Boost)  
  34  3:51  Probe  
  34  3:52  Probe  
  36  4:00  Stalker  
  31  4:04  Probe x2  
  31  4:08  Stalker  
  33  4:16  Probe x2  
  35  4:28  Probe (Chrono Boost)  
  37  4:32  Probe (Chrono Boost)  
  37  4:34  Dark Templar  
  37  4:37  Dark Templar  
  42  4:39  Probe (Chrono Boost)  
  44  4:51  Probe  
  44  4:52  Nexus, Probe  
  44  5:03  Probe  
  44  5:04  Dark Templar, Probe  
  46  5:15  Probe  
  46  5:19  Probe  
  47  5:29  Charge (Chrono Boost)  
  47  5:33  Gateway  
  47  5:34  Gateway  
  48  5:37  Gateway  
  48  5:38  Zealot  
  48  5:40  Gateway, Zealot  
  48  5:41  Zealot  
  52  5:47  Gateway  
  52  5:49  Pylon  
  52  5:51  Gateway  
  52  5:53  Pylon  
  52  6:01  Dark Templar  
  52  6:05  Zealot  
  52  6:07  Probe  
  52  6:08  Pylon  
  55  6:21  Zealot  
  57  6:29  Pylon  
  57  6:32  Stalker  
  59  6:35  Stalker  
  59  6:36  Zealot x2  
  59  6:37  Zealot  
  67  6:44  Zealot x3  
  73  6:48  Pylon  
  73  6:51  Pylon  
  73  6:52  Pylon  
  73  6:53  Pylon  
  73  7:01  Zealot x2  
  67  7:03  Zealot x3  
  67  7:08  Zealot x2  
  65  7:10  Observer (Chrono Boost)  
  65  7:12  Stalker  
  62  7:22  Stalker x2  
Show
View Real Time Build Order
Export as new Build Order

Faith Terran 

Build Orders:  

Get SALT Encoding   

  12  0:00  SCV  
  13  0:12  SCV  
  14  0:16  Supply Depot  
  14  0:24  SCV  
  14  0:28  Refinery  
  15  0:38  SCV  
  16  0:44  Barracks  
  16  0:50  SCV  
  16  0:56  Refinery  
  17  1:02  SCV  
  18  1:14  SCV  
  19  1:26  Supply Depot  
  19  1:32  Orbital Command  
  19  1:35  Reaper  
  20  1:48  Factory  
  20  1:57  SCV  
  21  2:07  Reaper  
  22  2:09  SCV  
  23  2:21  SCV  
  24  2:32  Hellion  
  26  2:40  SCV  
  26  2:41  Reaper  
  26  2:42  Command Center  
  28  2:52  SCV  
  28  2:53  Starport, Hellion  
  31  2:59  Supply Depot  
  31  3:04  SCV  
  31  3:16  Factory Tech Lab, Barracks Reactor  
  31  3:21  SCV  
  32  3:34  Starport Tech Lab  
  32  3:35  Barracks  
  32  3:37  Siege Tank, Barracks  
  35  3:48  SCV  
  36  4:00  SCV, Marine x2  
  37  4:13  SCV  
  37  4:24  Supply Depot  
  37  4:25  SCV, Siege Tank  
  37  4:30  Marine x4  
  48  4:37  Orbital Command  
  48  4:44  SCV  
  49  4:49  Marine x3  
  49  4:50  Marine  
  51  5:05  Raven  
  39  5:14  Marine  
  39  5:15  Marine x2  
  37  5:29  Marine  
  37  5:30  SCV x2, Siege Tank  
  37  5:32  Marine  
  44  5:51  Marine x3  
  44  5:52  Marine, Banshee  
  51  6:02  Siege Tank  
  51  6:03  SCV x2  
  53  6:20  Marine  
  53  6:21  Marine x3  
  57  6:38  Marine x2  
  29  7:14  Marine x3  
Tags
 
Add a new tag
Caveats
  • Supply blocks, unpowered buildings, or Contaminate may cause inaccurate times.
  • Supply counts are checked every 10 seconds.